 Dungeon Crawl Stone Soup version 0.30.1-11-g7821555f0a (webtiles) character file.

Game seed: 16044353990944972703

22313 Marvel the Severer (level 12, -9/192 HPs)
             Began as a Hill Orc Fighter on Dec 23, 2023.
             Was an Elder of Trog.
             Mangled by an 11-headed hydra (11 damage)
             ... on level 14 of the Dungeon.
             The game lasted 00:25:06 (12925 turns).

Marvel the Severer (Hill Orc Fighter)              Turns: 12925, Time: 00:25:06

Health: -9/192     AC:  8    Str: 24    XL:     12   Next: 99%
Magic:  12/12      EV: 10    Int:  8    God:    Trog [****..]
Gold:   697        SH:  6    Dex: 10    Spells: 11/11 levels left

rFire   . . .        U - +2 war axe (elec)
rCold   . . .        c - +0 buckler
rNeg    + . .        d - +0 troll leather armour
rPois   .            k - +0 helmet
rElec   .            F - +0 cloak
rCorr   .            (no gloves)
SInv    .            (no boots)
Will    +....        w - amulet of magic regeneration
Stlth   x              - ring of willpower
HPRegen 1.32/turn    K - ring of positive energy
MPRegen 0.53/turn

%: no passive effects
@: berserking (expiring), studying Stealth, very quick
A: claws 1, talons 1, robust 1
a: Renounce Religion, Berserk, Trog's Hand, Brothers in Arms


You were on level 14 of the Dungeon.
You worshipped Trog.
Trog was greatly pleased with you.
You visited 1 branch of the dungeon, and saw 14 of its levels.

You collected 697 gold pieces.

Inventory:

Hand Weapons
 a - a +0 war axe
 j - a +1 short sword of venom
 y - a +2 antimagic dagger
 D - a +0 hand axe of draining
 R - a +4 scimitar of flaming
 U - a +2 war axe of electrocution (weapon)
Missiles
 q - 59 poisoned darts (quivered)
 H - 3 throwing nets
Armour
 b - a +0 scale mail
 c - a +0 buckler (worn)
 d - a +0 troll leather armour (worn)
 k - a +0 helmet (worn)
 n - a +0 chain mail
 r - the +3 leather armour of Patterns {*Slow rElec rN+ SInv}
   (You found it on level 2 of the Dungeon)

   rElec:     It insulates you from electricity.
   rN:        It protects you from negative energy.
   SInv:      It lets you see invisible.
   *Slow:     It may slow you when you take damage.
 F - a +0 cloak (worn)
 L - +0 acid dragon scales
Jewellery
 w - an amulet of magic regeneration (around neck)
 x - a ring of willpower (left claw)
 K - a ring of positive energy (right claw)
 S - a ring of ice
Wands
 B - a wand of flame (20)
 O - a wand of paralysis (7)
Scrolls
 e - 7 scrolls of teleportation
 g - 3 scrolls of immolation {unknown}
 h - 9 scrolls of identify {unknown}
 i - 2 scrolls of summoning {unknown}
 l - a scroll of fog {unknown}
 m - 3 scrolls of magic mapping {unknown}
 o - 2 scrolls of vulnerability {unknown}
 p - 3 scrolls of enchant armour {unknown}
 s - 2 scrolls of poison {unknown}
 t - 3 scrolls of noise {unknown}
 u - 4 scrolls of blinking {unknown}
 v - 3 scrolls of fear {unknown}
 G - a scroll of torment {unknown}
 Q - a scroll of silence {unknown}
Potions
 f - 3 potions of curing
 z - 2 potions of cancellation {unknown}
 A - 2 potions of degeneration {unknown}
 C - 3 potions of resistance
 E - a potion of haste {unknown}
 I - 4 potions of might
 J - a potion of magic
 M - a potion of berserk rage {unknown}
 N - 2 potions of lignification {unknown}
 P - 2 potions of attraction {unknown}
 T - a potion of flight {unknown}


   Skills:
 + Level 14.2 Fighting
 + Level 17.3 Axes
 + Level 4.0 Throwing
 + Level 9.4 Armour
 + Level 9.0 Shields


You had 11 spell levels left.
You didn't know any spells.
Your spell library contained the following spells:

 Spells                   Type           Power      Damage    Failure   Level
 Magic Dart               Conj           0%         1d3       50%         1
 Sandblast                Erth           0%         2d4       50%         1
 Call Imp                 Summ           0%         N/A       63%         2
 Passwall                 Tmut/Erth      0%         N/A       63%         2
 Sublimation of Blood     Necr           0%         N/A       63%         2
 Mephitic Cloud           Conj/Pois/Air  0%         N/A       86%         3
 Stone Arrow              Conj/Erth      0%         3d7       86%         3
 Tukima's Dance           Hex            0%         N/A       86%         3
 Passage of Golubria      Tloc           0%         N/A       99%         4
 Petrify                  Tmut/Erth      0%         N/A       99%         4
 Irradiate                Conj/Tmut      0%         3d11      100%        5
 Yara's Violent Unravell  Hex/Tmut       0%         3d3       100%        5


Dungeon Overview and Level Annotations

Branches:
Dungeon (13/15)            Temple (0/1) D:6            Lair (0/5) D:8
    Orc (0/2) D:11
 Vaults: D:13-14

Altars:
Cheibriados
Dithmenos
Elyvilon
Makhleb
Sif Muna
Trog
Uskayaw
Wu Jian
Zin


Innate Abilities, Weirdness & Mutations

You have sharp fingernails.
You have sharp toenails.
You are robust. (+10% HP)


Message History

The centaur warrior skeleton is severely damaged.
The centaur warrior skeleton hits you!
You block the centaur warrior skeleton's attack.
You slice the centaur warrior skeleton!!
You destroy the centaur warrior skeleton!
Trog accepts your kill.
You lop one of the seven-headed hydra's heads off!
The six-headed hydra grows two more!
You slice the eight-headed hydra!!
Lightning courses through the eight-headed hydra!!
You hack one of the eight-headed hydra's heads off!
The seven-headed hydra grows two more!
You slash the nine-headed hydra! You claw the nine-headed hydra!
The nine-headed hydra is severely wounded.
The nine-headed hydra closely misses you.
The nine-headed hydra misses you.
The nine-headed hydra bites you but does no damage.
You block the nine-headed hydra's attack.
The nine-headed hydra bites you! The nine-headed hydra bites you.
The nine-headed hydra bites you! The nine-headed hydra bites you.
The nine-headed hydra bites you!
* * * LOW HITPOINT WARNING * * *
You chop one of the nine-headed hydra's heads off!
The eight-headed hydra grows two more!
You slash the ten-headed hydra!
The ten-headed hydra is severely wounded.
You lop one of the ten-headed hydra's heads off!
The nine-headed hydra grows two more!
You slash the 11-headed hydra! You claw the 11-headed hydra.
The 11-headed hydra is severely wounded.
The 11-headed hydra bites you.
* * * LOW HITPOINT WARNING * * *
You block the 11-headed hydra's attack. The 11-headed hydra bites you!
* * * LOW HITPOINT WARNING * * *
The 11-headed hydra bites you!
* * * LOW HITPOINT WARNING * * *
The 11-headed hydra barely misses you. The 11-headed hydra bites you.
* * * LOW HITPOINT WARNING * * *
The 11-headed hydra bites you!
* * * LOW HITPOINT WARNING * * *
The 11-headed hydra bites you!
You die...

....# #...#
....... #...#
....... #...#
....... #...#
....... #...#
....... #.).#
.......
#...##.......
#...@D.......
#....†..>....
#..###......○
#### #.(((..
..#### ..# .#
.#


You could see a 11-headed hydra.

Vanquished Creatures
  Jorgrun (D:12)
  Fannar (D:11)
  Erica (D:11)
  4 two-headed ogres
  A boulder beetle (D:12)
  4 cyclopes
  6 ugly things
  A manticore (D:7)
  2 gargoyles (D:11)
  A centaur skeleton (D:14)
  An unseen horror (D:12)
  An efreet (D:14)
  A komodo dragon (D:10)
  6 trolls
  Prince Ribbit (D:9)
  3 slime creatures (D:12)
  5 shadows
  A wyvern (D:8)
  2 wraiths
  5 yaks
  5 steam dragons
  Edmund (D:5)
  11 vampire mosquitoes
  4 acid dragons
  2 water moccasins
  Duvessa (D:5)
  6 orc warriors
  2 sky beasts
  A black bear (D:6)
  4 ice beasts
  An ogre (D:4)
  3 centaurs
  A phantom (D:5)
  3 bullfrogs (D:7)
  5 kobold brigands
  2 gnoll sergeants
  5 scorpions
  2 wights (D:10)
  Dowan (D:5)
  10 killer bees
  4 howler monkeys
  An electric eel (D:10)
  2 hounds
  2 jellies (D:7)
  Crazy Yiuf (D:6)
  9 orc priests
  2 gnoll boudas
  5 iguanas
  A sleepcap (D:7)
  Natasha (thrice) (D:4)
  13 orc wizards
  Robin (D:2)
  20 gnolls
  6 adders
  2 white imps
  2 ufetubi
  3 worms
  A dart slug (D:5)
  36 orcs
  8 ball pythons
  7 endoplasms
  5 giant cockroaches
  12 goblins
  15 hobgoblins
  9 jackals
  36 kobolds
  2 quokkas
  6 bats
  7 frilled lizards
  7 rats
346 creatures vanquished.

Vanquished Creatures (others)
  An orc (D:10)
1 creature vanquished.

Grand Total: 347 creatures vanquished

Notes
Turn   | Place    | Note
-------+----------+-------------------------------------------
     0 | D:1      | Marvel the Hill Orc Fighter began the quest for the Orb.
     0 | D:1      | Reached XP level 1. HP: 19/19 MP: 1/1
   119 | D:1      | Reached XP level 2. HP: 27/27 MP: 2/2
   220 | D:1      | Reached skill level 3 in Axes
   333 | D:1      | Reached XP level 3. HP: 18/34 MP: 3/3
  1137 | D:2      | Reached XP level 4. HP: 41/41 MP: 4/4
  1178 | D:2      | Reached skill level 4 in Axes
  1567 | D:2      | Noticed Robin
  1571 | D:2      | Reached XP level 5. HP: 47/47 MP: 5/5
  1576 | D:2      | Killed Robin
  1675 | D:2      | Identified the +3 leather armour of Patterns {*Slow rElec
                  | rN+ SInv}
  1895 | D:2      | Reached skill level 5 in Axes
  1910 | D:3      | Found an ornate altar of the Wu Jian Council.
  2115 | D:3      | Found a glowing silver altar of Zin.
  2413 | D:3      | Reached XP level 6. HP: 55/55 MP: 6/6
  2701 | D:4      | Reached skill level 5 in Fighting
  2701 | D:4      | Reached skill level 6 in Axes
  2726 | D:4      | Reached XP level 7. HP: 45/61 MP: 7/7
  2843 | D:4      | Noticed Natasha
  2850 | D:4      | Killed Natasha
  3043 | D:4      | Reached skill level 7 in Axes
  3102 | D:4      | Reached skill level 5 in Armour
  3440 | D:4      | Noticed Natasha
  3450 | D:4      | Killed Natasha
  3485 | D:4      | Noticed Natasha
  3494 | D:4      | Killed Natasha
  3554 | D:5      | Entered Level 5 of the Dungeon
  3719 | D:5      | Noticed Duvessa
  3723 | D:5      | Noticed Dowan
  3748 | D:5      | Killed Duvessa
  3749 | D:5      | Reached skill level 8 in Axes
  3753 | D:5      | Noticed Edmund
  3756 | D:5      | Reached XP level 8. HP: 40/70 MP: 6/8
  3947 | D:5      | Reached skill level 9 in Axes
  4184 | D:5      | Killed Dowan
  4353 | D:5      | Killed Edmund
  4848 | D:5      | Reached skill level 10 in Axes
  5090 | D:6      | Reached XP level 9. HP: 56/78 MP: 9/9
  5277 | D:6      | Reached skill level 11 in Axes
  5290 | D:6      | Found a bloodstained altar of Trog.
  5298 | D:6      | Became a worshipper of Trog the Wrathful
  5373 | D:6      | Found a staircase to the Ecumenical Temple.
  5653 | D:6      | Found a runed translucent door.
  5654 | D:6      | Noticed Crazy Yiuf
  5794 | D:6      | Reached skill level 5 in Shields
  5848 | D:6      | Killed Crazy Yiuf
  6144 | D:7      | Noticed a troll
  6161 | D:7      | Killed a troll
  6162 | D:7      | Reached skill level 12 in Axes
  6367 | D:7      | Noticed a manticore
  6387 | D:7      | Killed a manticore
  6387 | D:7      | Reached * piety under Trog
  6388 | D:7      | Reached XP level 10. HP: 43/88 MP: 10/10
  6736 | D:7      | Found a snail-covered altar of Cheibriados.
  7067 | D:7      | Found a burning altar of Makhleb.
  7127 | D:8      | Reached skill level 13 in Axes
  7203 | D:8      | Found a shadowy altar of Dithmenos.
  7381 | D:8      | Found a white marble altar of Elyvilon.
  7395 | D:8      | Reached ** piety under Trog
  7874 | D:8      | Found a staircase to the Lair.
  8178 | D:9      | Found a hide-covered altar of Uskayaw.
  8214 | D:9      | Found a shimmering blue altar of Sif Muna.
  8237 | D:9      | Noticed a two-headed ogre
  8244 | D:9      | Reached skill level 14 in Axes
  8266 | D:9      | Killed a two-headed ogre
  8423 | D:9      | Reached *** piety under Trog
  8424 | D:9      | Reached skill level 10 in Fighting
  8556 | D:9      | Noticed a two-headed ogre
  8571 | D:9      | Killed a two-headed ogre
  8572 | D:9      | Reached XP level 11. HP: 69/101 MP: 11/11
  8636 | D:9      | Reached skill level 1 in Throwing
  8834 | D:9      | Noticed a cyclops
  8848 | D:9      | Killed a cyclops
  9083 | D:9      | Noticed Prince Ribbit
  9094 | D:9      | Killed Prince Ribbit
  9095 | D:9      | Reached skill level 15 in Axes
  9127 | D:10     | Entered Level 10 of the Dungeon
  9128 | D:10     | Noticed a four-headed hydra
  9607 | D:10     | Noticed a two-headed ogre
  9620 | D:10     | Killed a two-headed ogre
  9626 | D:10     | Gained mutation: You are robust. (+10% HP) [potion of
                  | mutation]
  9626 | D:10     | Gained mutation: You have sharp fingernails. [potion of
                  | mutation]
  9626 | D:10     | Gained mutation: You have sharp toenails. [potion of
                  | mutation]
 10063 | D:10     | Identified the staff of fire "Rekloych" {rPois rF+ rC+++
                  | Int-3}
 10506 | D:10     | Reached **** piety under Trog
 10677 | D:11     | Noticed a cyclops
 10769 | D:11     | Killed a cyclops
 10838 | D:11     | Noticed Erica
 10852 | D:11     | Killed Erica
 10853 | D:11     | Reached skill level 16 in Axes
 10915 | D:11     | Reached XP level 12. HP: 94/124 MP: 12/12
 11065 | D:11     | Noticed Fannar
 11081 | D:11     | Killed Fannar
 11291 | D:11     | Found a staircase to the Orcish Mines.
 11546 | D:11     | Noticed a two-headed ogre
 11555 | D:11     | Killed a two-headed ogre
 12165 | D:12     | Noticed Jorgrun
 12194 | D:12     | Killed Jorgrun
 12325 | D:12     | Reached skill level 17 in Axes
 12638 | D:12     | Noticed a boulder beetle
 12690 | D:12     | Killed a boulder beetle
 12887 | D:13     | You fall into a shaft and drop 1 floor!
 12910 | D:14     | Noticed a seven-headed hydra
 12925 | D:14     | HP: 2/192 [11-headed hydra (10)]
 12925 | D:14     | Mangled by an 11-headed hydra

Illustrated notes

Levels and vault maps discovered:
D:1:      heliophobic_arrival_battle_scene, layout_loops_ring
D:2:      layout_basic, uniq_robin
D:3:      layout_rooms, mainiacjoe_overflow_brackets, zin_statuary,
          roderic_serpentine_path, minmay_diced_spiral
D:4:      layout_gridville, st_stairs_2, uniq_natasha
D:5:      layout_loops_corners, uniq_edmund, uniq_duvessa
D:6:      layout_cave_pools, mainiacjoe_overflow_paths,
          minmay_temple_entry_gardened_gates, uniq_crazy_yiuf_cottage
D:7:      layout_cave_pools, lemuel_doored_altar, lightli_temple_of_fire,
          nicolae_benzene_ring, minmay_manual_monstrance
D:8:      layout_loops_ring, elyvilon_altar_5, mainiacjoe_overflow_chevrons,
          lair_entry_dummy, chequers_serial_rivers_small_a
D:9:      layout_irregular_city, amcnicky_altar_gilded,
          eat_drink_and_be_merry_uskayaw, uniq_prince_ribbit1
D:10:     minmay_razor_zed, layout_loops_corners, kennysheep_island_fort
D:11:     layout_loops_ring, uniq_fannar, uniq_erica
D:12:     layout_gridville, uniq_jorgrun
D:13:     layout_irregular_city, grunt_vaults_entry_fortified, minmay_librarian,
          uniq_snorg
D:14:     layout_long_grid, nicolae_qazlal_eye_of_the_storm,
          hangedman_weighted_door, hellmonk_guarded_unrand_vines, uniq_josephine

Skill      XL: |  1  2  3  4  5  6  7  8  9 10 11 12 |
---------------+-------------------------------------+-----
Axes           | 3 4 5 6 8 10 12 14 16 17 | 17.3
Fighting       | 4 5 6 8 10 12 14 | 14.2
Armour         | 4 5 6 8 9 |  9.4
Shields        | 4 5 6 7 9 |  9.0
Throwing       | 2 4 |  4.0

Action                     |  1- 3 |  4- 6 |  7- 9 | 10-12 || total
---------------------------+-------+-------+-------+-------++-------
  Melee: War axe           |   113 |   166 |   189 |   107 ||   575
         Hand axe          |       |       |   119 |   751 ||   870
         Kick              |       |       |       |   174 ||   174
  Throw: Throwing net      |       |     1 |       |       ||     1
         Dart              |       |       |     3 |    42 ||    45
 Invoke: Berserk           |       |       |       |     4 ||     4
    Use: Potion            |       |     2 |     2 |     1 ||     5
         Scroll            |       |       |     1 |       ||     1
   Stab: Held in net/web   |       |     1 |       |       ||     1
 Armour: Scale mail        |    71 |       |       |       ||    71
         Chain mail        |       |   110 |   175 |       ||   285
         Troll leather arm |       |       |     6 |   192 ||   198
  Dodge: Dodged            |    47 |    77 |   117 |   283 ||   524
  Block: Buckler           |    32 |    43 |    60 |   140 ||   275
